 Dungeon Crawl Stone Soup version 0.28-a0-514-g0d7ab7f379 (webtiles) character file.

Game seed: 13801532085820452504

3560 ragingrage the Spear-Bearer (level 9, -8/94 HPs)
             Began as a Demonspawn Chaos Knight on Sept 22, 2021.
             Was a Plaything of Xom.
             Mangled by a vampire mosquito (9 damage)
             ... on level 7 of the Dungeon.
             The game lasted 00:09:22 (6657 turns).

ragingrage the Spear-Bearer (DsCK)                  Turns: 6657, Time: 00:09:22

Health: -8/94      AC: 24    Str: 12 (13) XL:     9   Next: 83%
Magic:  9/9        EV:  2    Int: 10      God:    Xom [...*..]
Gold:   148        SH:  0    Dex: 12 (15) Spells: 8/8 levels left

rFire   . . .      SeeInvis +   a - +0 spear (chaos)
rCold   . . .      Faith    +   (no shield)
rNeg    + + +      Spirit   .   (armour currently unavailable)
rPois   +          Reflect  .   (helmet unavailable)
rElec   +          Harm     .   (cloak currently unavailable)
rCorr   +          Rampage  .   (gloves currently unavailable)
Will    .....      NoTele   +   (boots currently unavailable)
Stlth   +.........              s - amulet of faith
HPRegen 0.25/turn               k - ring of flight
MPRegen 0.11/turn               x - ring of Urapuf {rElec rPois rCorr SInv}

@: tree-form, marked, cleaving
A: stationary, stasis, torment immunity, boosted hp, (antennae 3), (thin
metallic scales 1), powered by death 2, (hooves 1), agile 1, deterioration 1,
dopey 2, (fire resistance 2), mutation resistance 1, sense surroundings 1,
(poison resistance), weak 1, MP-powered wands
a: Renounce Religion


You were on level 7 of the Dungeon.
You worshipped Xom.
You were a favourite toy of Xom.
You were a tree.
You visited 1 branch of the dungeon, and saw 7 of its levels.

You collected 356 gold pieces.
You spent 208 gold pieces at shops.

Inventory:

Hand Weapons
 a - a +0 spear of chaos (weapon)
 p - a +0 trident
Missiles
 o - 3 throwing nets
 B - 29 poisoned darts
 C - 7 boomerangs of dispersal
 E - 5 curare-tipped darts (quivered)
 L - 5 javelins
Armour
 b - a +2 leather armour (melded)
 h - a +0 pair of boots of stealth (melded)
 K - a +1 cloak (melded)
Jewellery
 k - a ring of flight (left branch)
 l - a ring of ice
 s - an amulet of faith (around neck)
 x - the ring of Urapuf (right branch) {rElec rPois rCorr SInv}
   (You found it on level 4 of the Dungeon)

   [ring of poison resistance]

   rElec:     It insulates you from electricity.
   rPois:     It protects you from poison.
   SInv:      It lets you see invisible.
   rCorr:     It protects you from acid and corrosion.
 D - a ring of magical power
Scrolls
 c - 3 scrolls of vulnerability
 d - a scroll of amnesia
 t - 2 scrolls of identify
 y - a scroll of teleportation {unknown}
 z - 2 scrolls of enchant weapon {unknown}
 A - a scroll of enchant armour {unknown}
 G - a scroll of acquirement {unknown}
 M - a scroll of blinking {unknown}
Potions
 e - 2 potions of flight {unknown}
 f - a potion of cancellation {unknown}
 i - 5 potions of invisibility {unknown}
 j - 2 potions of magic {unknown}
 m - a potion of lignification {unknown}
 q - a potion of ambrosia {unknown}
 r - a potion of resistance {unknown}
 w - a potion of might {unknown}
 F - a potion of attraction {unknown}
 I - a potion of mutation
 J - a potion of haste {unknown}


   Skills:
 - Level 3.0 Fighting
 * Level 13.1 Polearms
 - Level 1.7 Armour
 - Level 0.8 Dodging


You had 8 spell levels left.
You didn't know any spells.
Your spell library contained the following spells:

 Spells                   Type           Power      Damage    Failure   Level
 Blink                    Tloc           N/A        N/A       50%         2
 Ensorcelled Hibernation  Hex/Ice        0%         N/A       50%         2
 Lesser Beckoning         Tloc           0%         N/A       75%         3
 Tukima's Dance           Hex            0%         N/A       75%         3
 Manifold Assault         Tloc           0%         N/A       100%        5


Dungeon Overview and Level Annotations

Branches:
Dungeon (7/15)             Temple (0/1) D:4

Altars:
The Shining One

Shops:
D:6 !

Annotations:
D:7 Harold


Innate Abilities, Weirdness & Mutations

You are a tree.
Your roots penetrate the ground, keeping you stationary.
You cannot be teleported.
You are immune to unholy pain and torment.
Your maximum health is greatly increased.
Your equipment is partially melded.
((You have a pair of large antennae on your head. (SInv)))
((You are partially covered in thin metallic scales. (AC +2)))
You regenerate health from kills.
((You have large cloven feet.))
You are agile. (Dex +2)
Your body sometimes deteriorates upon taking damage.
You are very dopey. (Int -4)
((Your flesh is very heat resistant. (rF++)))
You are somewhat resistant to further mutation.
You passively map a small area around you.
((Your system is resistant to poisons. (rPois)))
You are weak. (Str -2)
You expend magic power (3 MP) to strengthen your wands.


Message History

The vampire mosquito closely misses you.
The howler monkey hoots and howls with incredible vigour!
The vampire mosquito barely misses you.
As you read the scroll labelled MYUCHA BETWADO, it crumbles to dust.
You hear a loud clanging noise!
It was a scroll of noise.
The vampire mosquito misses you. The vampire mosquito barely misses you.
Harold throws a throwing net.
The throwing net hits you.
You become entangled in the net!
Unknown command.
As you read the scroll labelled NEIJO VAIPLOJ, it crumbles to dust.
Wisps of shadow whirl around you...
It was a scroll of summoning.
The vampire mosquito bites you but does no damage.
The vampire mosquito bites you.
* * * LOW HITPOINT WARNING * * *
The vampire mosquito draws strength from your injuries!
The howler monkey hoots and howls with incredible vigour!
Unknown command.
Unknown command.
You feel better. The vampire mosquito bites you.
* * * LOW HITPOINT WARNING * * *
The vampire mosquito draws strength from your injuries!
The vampire mosquito bites you.
* * * LOW HITPOINT WARNING * * *
The vampire mosquito draws strength from your injuries!
Your wyvern skeleton misses the vampire mosquito.
Unknown command.
As you read the scroll labelled ZOALULO DOLI, it crumbles to dust.
The scroll dissolves into smoke.
It was a scroll of fog.
The vampire mosquito bites you.
* * * LOW HITPOINT WARNING * * *
The vampire mosquito draws strength from your injuries!
The howler monkey barely misses you.
Your wyvern skeleton misses the vampire mosquito.
Harold zaps a wand.
You turn into a tree.
Your +1 cloak melds into your body.
Your +0 pair of boots of stealth melds into your body.
Your +2 leather armour melds into your body.
You feel less stealthy.
Your roots penetrate the ground.
The net rips apart!
The vampire mosquito bites you!
You die...
Xom guffaws!

##........##....
#.........##.###
#.≈≈≈@....##..,,
###.≈#≈≈≈≈....###*
#...≈≈≈≈#≈≈≈≈.#
##..≈≈≈#≈≈≈≈#≈.#
#§.Z≈#≈≈≈≈#≈≈≈.#***
#hy§≈≈≈≈#≈≈≈≈...,,,
#Z♣§≈≈#≈≈≈≈#≈.###*#
#§§§#≈≈≈≈#≈≈≈.....#
#..≈§≈≈#≈≈≈≈..#*#.#
#.....≈≈≈≈#≈.## #.#
#.###....≈≈≈..# #.#
#.*####.......###.#
#.,.....###...##...
##*####.....####...
#####.# #...


You could see Harold, a vampire mosquito (ally target), a howler monkey
(catching breath, ally target), a friendly howler monkey zombie (summoned) and a
friendly wyvern skeleton (summoned).

Vanquished Creatures
  An orb spider (shapeshifter) (D:3)
  A gargoyle (D:7)
  A meliai (D:6)
  Prince Ribbit (D:7)
  Menkaure (D:4)
  The ghost of SirDiesAlot the Skirmisher, an amateur MiDe (D:5)
  An ice beast (D:5)
  A sky beast (D:7)
  2 black bears
  A necrophage (D:5)
  A centaur (D:5)
  A phantom (D:5)
  A bullfrog (D:6)
  2 scorpions
  2 electric eels (D:7)
  3 hounds
  3 jellies
  Crazy Yiuf (D:6)
  An orc priest (D:4)
  Jessica (D:3)
  2 iguanas
  3 orc wizards (D:4)
  A hound zombie (D:5)
  3 hound skeletons
  Robin (D:4)
  A howler monkey zombie (D:5)
  3 adders
  3 white imps
  An adder skeleton (D:4)
  A worm (D:2)
  3 dart slugs
  15 orcs
  3 endoplasms
  A giant cockroach (D:3)
  14 goblins
  10 hobgoblins
  3 jackals (D:3)
  7 quokkas
  3 ball pythons
  A bat (D:1)
  2 frilled lizards
  A kobold (D:4)
  2 rats
111 creatures vanquished.

Vanquished Creatures (collateral kills)
  A scorpion (D:6)
  A jelly (D:6)
  A shadow imp (D:7)
  An orc (D:7)
4 creatures vanquished.

Vanquished Creatures (others)
  2 gargoyles (D:7)
  A kobold demonologist (D:6)
  A fire bat (D:7)
  An orc wizard (D:4)
  16 plants (D:7)
21 creatures vanquished.

Grand Total: 136 creatures vanquished

Notes
Turn   | Place    | Note
-------+----------+-------------------------------------------
     0 | D:1      | ragingrage the Demonspawn Chaos Knight began the quest for
                  | the Orb.
     0 | D:1      | Reached XP level 1. HP: 18/18 MP: 1/1
   205 | D:1      | XOM: silly message
   214 | D:1      | Reached skill level 3 in Polearms
   420 | D:1      | Found a faded altar of an unknown god.
   442 | D:1      | Gained mutation: You regenerate a little health from kills.
                  | [demonic ancestry]
   442 | D:1      | Reached XP level 2. HP: 7/24 MP: 2/2
   653 | D:1      | XOM: silly message
   924 | D:2      | XOM: silly message
  1012 | D:2      | XOM: silly message
  1047 | D:2      | Gained mutation: You have a pair of small antennae on your
                  | head. [demonic ancestry]
  1047 | D:2      | Reached XP level 3. HP: 29/29 MP: 3/3
  1069 | D:2      | Reached skill level 4 in Polearms
  1088 | D:2      | XOM: silly message
  1331 | D:2      | XOM: give mutations
  1331 | D:2      | Gained mutation: You are dopey. (Int -2) [Xom's mischief]
  1331 | D:2      | Gained mutation: You are weak. (Str -2) [Xom's mischief]
  1331 | D:2      | Gained mutation: You are very dopey. (Int -4) [Xom's
                  | mischief]
  1331 | D:2      | Gained mutation: Your spells are a little easier to cast,
                  | but a little less powerful. [Xom's mischief]
  1564 | D:3      | Noticed a shapeshifter
  1564 | D:3      | a giant cockroach changed into a shapeshifter
  1564 | D:3      | XOM: polymorph giant cockroach -> shapeshifter
  1567 | D:3      | Noticed an orb spider
  1567 | D:3      | a shapeshifter changed into an orb spider
  1576 | D:3      | Killed an orb spider
  1577 | D:3      | Reached skill level 7 in Polearms
  1577 | D:3      | Gained mutation: You have a pair of antennae on your head.
                  | [demonic ancestry]
  1577 | D:3      | Reached XP level 4. HP: 33/35 MP: 4/4
  1577 | D:3      | Reached XP level 5. HP: 39/41 MP: 5/5
  1577 | D:3      | Reached XP level 6. HP: 45/47 MP: 6/6
  1655 | D:3      | Noticed Jessica
  1674 | D:3      | XOM: repel stairs
  1734 | D:3      | Killed Jessica
  1836 | D:3      | XOM: give mutations
  1836 | D:3      | Lost mutation: Your spells are a little easier to cast, but
                  | a little less powerful. [Xom's mischief]
  1836 | D:3      | Gained mutation: You sometimes lose the ability to read
                  | scrolls when taking damage. [Xom's mischief]
  1836 | D:3      | Gained mutation: You occasionally shout uncontrollably at
                  | your foes. [Xom's mischief]
  1836 | D:3      | Gained mutation: Your body sometimes deteriorates upon
                  | taking damage. [Xom's mischief]
  1946 | D:4      | Noticed Robin
  1970 | D:4      | Gained mutation: You have a pair of large antennae on your
                  | head. (SInv) [demonic ancestry]
  1970 | D:4      | Reached XP level 7. HP: 52/52 MP: 7/7
  1988 | D:4      | Killed Robin
  2056 | D:4      | Noticed Menkaure
  2073 | D:4      | XOM: blink monster(s)
  2078 | D:4      | Killed Menkaure
  2079 | D:4      | Reached skill level 8 in Polearms
  2360 | D:4      | XOM: summons 1 hostile demon
  2554 | D:4      | XOM: noise
  2622 | D:4      | XOM: silly message
  2698 | D:4      | Identified the ring of Urapuf {rElec rPois rCorr SInv}
  2727 | D:4      | XOM: silly message
  2733 | D:4      | XOM: polymorph scorpion -> black bear
  2736 | D:4      | XOM: noise
  2744 | D:4      | Reached skill level 9 in Polearms
  2744 | D:4      | Gained mutation: You regenerate health from kills. [demonic
                  | ancestry]
  2744 | D:4      | Reached XP level 8. HP: 42/58 MP: 8/8
  2784 | D:4      | XOM: draining
  2875 | D:4      | Found a staircase to the Ecumenical Temple.
  2877 | D:4      | XOM: give mutations
  2877 | D:4      | Lost mutation: You occasionally shout uncontrollably at
                  | your foes. [Xom's mischief]
  2877 | D:4      | Gained mutation: You are very weak. (Str -4) [Xom's
                  | mischief]
  2998 | D:5      | Entered Level 5 of the Dungeon
  3123 | D:5      | XOM: swap monsters
  3131 | D:5      | XOM: 1-stop teleportation journey
  3138 | D:5      | XOM: smoke on damage
  3146 | D:5      | XOM: scenery: summon butterflies
  3294 | D:5      | Noticed SirDiesAlot's ghost (amateur MiDe)
  3295 | D:5      | Found a runed translucent door.
  3509 | D:5      | XOM: fake destruction
  3538 | D:5      | Reached skill level 10 in Polearms
  3647 | D:5      | XOM: god gift: ring of magical power
  3720 | D:5      | XOM: 5-stop teleportation journey
  4316 | D:5      | Killed SirDiesAlot's ghost
  4348 | D:6      | Noticed a kobold demonologist
  4452 | D:5      | XOM: give mutation
  4452 | D:5      | Lost mutation: You sometimes lose the ability to read
                  | scrolls when taking damage. [Xom's mischief]
  4530 | D:6      | XOM: summons friendly crimson imp
  4544 | D:6      | Killed a kobold demonologist
  4558 | D:6      | Reached skill level 11 in Polearms
  4630 | D:6      | Gained mutation: You are partially covered in thin metallic
                  | scales. (AC +2) [demonic ancestry]
  4630 | D:6      | Reached XP level 9. HP: 43/63 MP: 9/9
  4649 | D:6      | XOM: give mutations
  4649 | D:6      | Gained mutation: Your flesh is heat resistant. (rF+) [Xom's
                  | grace]
  4649 | D:6      | Gained mutation: You are agile. (Dex +2) [Xom's grace]
  4784 | D:6      | Found Vegess's Distillery.
  4810 | D:6      | Bought a potion of heal wounds for 65 gold pieces
  4810 | D:6      | Bought a potion of curing for 39 gold pieces
  4810 | D:6      | Bought a potion of mutation for 104 gold pieces
  4885 | D:6      | Noticed a meliai
  4885 | D:6      | an ogre changed into a meliai
  4885 | D:6      | XOM: polymorph ogre -> meliai
  4887 | D:6      | XOM: summons 5 friendly demons
  4889 | D:6      | Killed a meliai
  5151 | D:6      | Found a runed translucent door.
  5152 | D:6      | Noticed Crazy Yiuf
  5163 | D:6      | Killed Crazy Yiuf
  5181 | D:6      | XOM: give mutations
  5181 | D:6      | Gained mutation: Your system is resistant to poisons.
                  | (rPois) [Xom's grace]
  5181 | D:6      | Gained mutation: You have large cloven feet. [Xom's grace]
  5181 | D:6      | Gained mutation: You are somewhat resistant to further
                  | mutation. [Xom's grace]
  5496 | D:7      | XOM: scenery: 1 doors open
  5631 | D:7      | XOM: 3-stop teleportation journey
  5667 | D:7      | Reached skill level 12 in Polearms
  5834 | D:7      | Noticed a troll
  5834 | D:7      | Noticed a gargoyle
  5834 | D:7      | Noticed a manticore
  5841 | D:7      | Noticed a cyclops
  5844 | D:7      | XOM: divination: magic mapping
  5847 | D:7      | XOM: chaos upgrade
  5850 | D:7      | XOM: chaos upgrade
  5852 | D:7      | Noticed a komodo dragon
  5852 | D:7      | Noticed a death knight
  5893 | D:7      | Killed a gargoyle
  5907 | D:7      | HP: 3/63 [komodo dragon (24)]
  5929 | D:7      | XOM: swap monsters
  5950 | D:6      | XOM: summons 1 hostile demon
  6048 | D:6      | XOM: give mutations
  6048 | D:6      | Gained mutation: Your flesh is very heat resistant. (rF++)
                  | [Xom's grace]
  6048 | D:6      | Gained mutation: You passively map a small area around you.
                  | [Xom's grace]
  6048 | D:6      | Lost mutation: You are very weak. (Str -4) [Xom's grace]
  6048 | D:6      | Gained mutation: You expend magic power (3 MP) to
                  | strengthen your wands. [Xom's grace]
  6179 | D:7      | a komodo dragon changed into a fire bat
  6179 | D:7      | XOM: polymorph komodo dragon -> fire bat
  6302 | D:7      | XOM: divine lightning
  6383 | D:7      | Noticed a gargoyle
  6391 | D:7      | XOM: fog
  6408 | D:7      | XOM: scenery: summon butterflies
  6409 | D:7      | Killed a gargoyle
  6409 | D:7      | Killed a gargoyle
  6409 | D:7      | XOM: divine lightning
  6504 | D:7      | Noticed Prince Ribbit
  6505 | D:7      | XOM: cleaving
  6507 | D:7      | XOM: cleaving
  6520 | D:7      | XOM: confuse monster(s)
  6531 | D:7      | Killed Prince Ribbit
  6532 | D:7      | Reached skill level 13 in Polearms
  6606 | D:7      | Noticed Harold
  6610 | D:7      | XOM: fake destruction
  6628 | D:7      | XOM: polymorph scorpion -> howler monkey
  6638 | D:7      | Identified the +3 rapier of Traps {vorpal, rPois rC+} (Xom
                  | gifted it to you on level 7 of the Dungeon)
  6638 | D:7      | XOM: god gift: +3 rapier of Traps {vorpal, rPois rC+}
  6639 | D:7      | XOM: cleaving
  6645 | D:7      | HP: 3/63 [vampire mosquito (13)]
  6655 | D:7      | HP: 3/63 [vampire mosquito (2)]
  6657 | D:7      | HP: 1/63 [vampire mosquito (2)]
  6657 | D:7      | Mangled by a vampire mosquito

Illustrated notes

Levels and vault maps discovered:
D:1:      mrwooster_arrival_statue, layout_basic,
          hellmonk_ecumenical_altar_blasted
D:2:      layout_basic
D:3:      layout_rooms, uniq_jessica
D:4:      layout_rooms, minmay_temple_entry_trees, uniq_robin, uniq_menkaure
D:5:      layout_loops_ring, old_standard_altar, hellmonk_ghost_happy_afterlife
D:6:      layout_loops_ring, serial_shops, nicolae_stop_n_shop_2,
          uniq_crazy_yiuf_cottage
D:7:      nzn_winding_woodlands_large [nzn_winding_woodlands_5x5_cross,
          nzn_winding_woodlands_5x15_lazy_stream,
          nzn_winding_woodlands_5x5_three, nzn_winding_woodlands_center_garden,
          nzn_winding_woodlands_15x15_killbox,
          nzn_winding_woodlands_center_triple_pond,
          nzn_winding_woodlands_5x5_perimeter,
          nzn_winding_woodlands_5x15_pockets,
          nzn_winding_woodlands_5x5_open_star], layout_basic, nrook_campfire,
          corexii_hall_statues_x, nicolae_lava_and_water, uniq_prince_ribbit1,
          uniq_harold

Skill      XL: |  1  2  3  4  5  6  7  8  9 |
---------------+----------------------------+-----
Polearms       | 3 7 9 11 13 | 13.1
Fighting       | |  3.0
Armour         | |  1.7
Dodging        | |  0.8

Action                   |  1- 3 |  4- 6 |  7- 9 || total
-------------------------+-------+-------+-------++-------
Melee: Spear             |   108 |    76 |   518 ||   702
       Unarmed           |       |       |     1 ||     1
Throw: Dart              |       |       |     1 ||     1
  Use: Scroll            |       |       |     6 ||     6
       Potion            |       |       |     4 ||     4
 Stab: Confused          |     4 |     1 |     7 ||    12
       Sleeping          |     2 |       |     7 ||     9
       Distracted        |     1 |       |     1 ||     2
       Petrified         |       |     9 |     1 ||    10
       Paralysed         |       |     1 |       ||     1
       Petrifying        |       |       |     2 ||     2
Armor: Leather armour    |    26 |    22 |   106 ||   154
Dodge: Dodged            |    38 |    38 |   172 ||   248

Table legend: (Time is in decaauts)
 A = Elapsed time spent in this place.
 B = Non-inter-level travel time spent in this place.
 C = Inter-level travel time spent in this place.
 D = Time resting spent in this place.
 E = Time spent auto-exploring this place.
 F = Levels seen in this place.
 G = Mean time per level.
                   A        B        C        D        E       F      G
               +--------+--------+--------+--------+--------+-----+--------+
         Total |   6413 |   6097 |    316 |    668 |   4286 |   7 |  916.1 |
       Dungeon |   6413 |   6097 |    316 |    668 |   4286 |   7 |  916.1 |
               +--------+--------+--------+--------+--------+-----+--------+

Top non-repeatable levels by time:
     D:5: 1385 daAuts
     D:6: 1163 daAuts
     D:4: 1097 daAuts
     D:7: 862 daAuts
     D:1: 779 daAuts
     D:2: 589 daAuts
     D:3: 535 daAuts
